 Dungeon Crawl Stone Soup version 0.19.0-22-gd96e5fe (webtiles) character file.

364866 XO4YCPATb the Thaumaturge (level 21, -14/99 HPs)
             Began as a Spriggan Monk on Nov 19, 2016.
             Was the Champion of Cheibriados.
             Demolished by an ettin
             ... wielding a +2 dire flail of holy wrath
              (19 damage)
             ... on level 3 of the Vaults.
             The game lasted 05:20:29 (67612 turns).

XO4YCPATb the Thaumaturge (Spriggan Monk)          Turns: 67612, Time: 05:20:29

Health: -14/99     AC: 17    Str: 26    XL:     21   Next: 57%
Magic:  38/40      EV: 29    Int: 35    God:    Cheibriados [******]
Gold:   289        SH: 13    Dex: 35    Spells: 10 memorised, 5 levels left

rFire  + + +     SeeInvis +     H - +6 falchion of the Vendetta {freeze, rC+++ Int+2 Dex-5 Stlth+}
rCold  + + .     Gourm    .     S - +2 fire dragon scales
rNeg   + . .     Faith    .     t - +2 buckler {reflect}
rPois  +         Spirit   .     e - +2 hat {SInv}
rElec  .         Reflect  +     p - +2 cloak "Weecauk" {*Drain Str+4}
rCorr  +         Harm     .     (gloves unavailable)
MR     +++++     Clarity  +     (boots unavailable)
Stlth  ++........               i - amulet of the Four Winds {rN+ MR+++ Clar}
                                s - ring "Jysaz" {*Corrode rPois rF+ Dex+3 Slay+3}
                                b - ring of resist corrosion

@: silence, corroded, studying Ice Magic, repel missiles, very slow
A: unfitting armour, slimy green scales 1, see invisible, herbivore 3, speed 3,
slow metabolism 2
a: Renounce Religion
}: 2/15 runes: decaying, gossamer


You were on level 3 of the Vaults.
You worshipped Cheibriados.
Cheibriados was exalted by your worship.
You were hungry.

You visited 9 branches of the dungeon, and saw 40 of its levels.
You also visited: Ossuary, Bailey and Ice Cave.

You collected 4366 gold pieces.
You spent 4077 gold pieces at shops.

Inventory:

Hand Weapons
 g - a +2 long sword of holy wrath
 H - the +6 falchion of the Vendetta (weapon) {freeze, rC+++ Int+2 Dex-5 Stlth+}
   (You found it on level 2 of the Lair of Beasts)

   It has been specially enchanted to freeze those struck by it, causing extra
   injury to most foes and up to half again as much damage against particularly
   susceptible opponents.
   It can also slow down cold-blooded creatures.
   It affects your intelligence (+2).
   It affects your dexterity (-5).
   It renders you almost immune to cold.
   It makes you more stealthy.
Missiles
 f - 2 throwing nets (quivered)
Armour
 e - a +2 hat of see invisible (worn)
 p - the +2 cloak "Weecauk" (worn) {*Drain Str+4}
   (You acquired it on level 6 of the Lair of Beasts)

   It affects your strength (+4).
   It causes draining when unequipped.
 t - a +2 buckler of reflection (worn)
 S - +2 fire dragon scales (worn)
Jewellery
 b - a ring of resist corrosion (left hand)
 i - the amulet of the Four Winds (around neck) {rN+ MR+++ Clar}
   (You took it off a deep elf sorcerer on level 3 of the Elven Halls)

   [amulet of nothing]

   It protects you from negative energy.
   It affects your resistance to hostile enchantments.
   It protects you against confusion.
 j - the amulet "Raqah" {rElec Regen+ Str+4}
   (You took it off a deep elf annihilator on level 3 of the Elven Halls)

   [amulet of regeneration]

   It affects your strength (+4).
   It insulates you from electricity.
   It increases your rate of regeneration.
 s - the ring "Jysaz" (right hand) {*Corrode rPois rF+ Dex+3 Slay+3}
   (You found it on level 2 of the Spider Nest)

   [ring of poison resistance]

   It affects your dexterity (+3).
   It affects your accuracy and damage with ranged weapons and melee attacks
   (+3).
   It protects you from fire.
   It protects you from poison.
   It may corrode you when you take damage.
 x - an uncursed ring of positive energy
 M - an uncursed ring of protection from cold
Wands
 h - a wand of heal wounds (3/9)
 l - a wand of iceblast (6/15)
 y - a wand of digging (8/24)
 F - a wand of iceblast (7/15)
 T - a wand of teleportation (3/9)
Scrolls
 d - 17 scrolls of remove curse
 k - a scroll of recharging
 q - 5 scrolls of immolation
 A - 2 scrolls of silence
 D - a scroll of teleportation
 G - 4 scrolls of noise
 I - 3 scrolls of fear
 O - a scroll of identify
 Q - a scroll of torment
 R - 6 scrolls of fog
Potions
 m - 2 potions of heal wounds
 n - 4 potions of lignification
 o - 6 potions of flight
 r - 2 potions of brilliance
 u - 2 potions of agility
 v - 10 potions of ambrosia
 z - 12 potions of curing
 C - 3 potions of might
 E - 2 potions of magic
 L - 3 potions of resistance
Books
 a - a manual of Ice Magic
Miscellaneous
 w - a fan of gales
 B - 3 phantom mirrors
 K - a phial of floods
 N - 3 sacks of spiders
 P - 3 boxes of beasts
Comestibles
 c - 3 bread rations
 J - a slice of pizza


   Skills:
 - Level 6.4 Fighting
   Level 12.4(16.6) Short Blades
 - Level 14.4(15.4) Long Blades
 - Level 10.0 Armour
 - Level 10.6 Dodging
 - Level 3.0 Stealth
 - Level 8.4 Shields
 + Level 14.8 Spellcasting
 + Level 8.4 Conjurations
 - Level 9.0 Hexes
 - Level 5.8 Charms
 - Level 5.2 Necromancy
 - Level 8.5 Transmutations
 * Level 7.3 Fire Magic
 + Level 11.2 Ice Magic
 - Level 9.0 Air Magic
 - Level 5.5 Earth Magic
 - Level 13.0 Invocations


You had 5 spell levels left.
You knew the following spells:

 Your Spells              Type           Power        Failure   Level  Hunger
a - Repel Missiles        Chrm/Air       ######       1%          2    None
b - Silence               Hex/Air        ######....   2%          5    None
c - Animate Skeleton      Necr           N/A          1%          1    None
d - Freezing Cloud        Conj/Ice/Air   #######...   12%         6    ##.....
e - Yara's Violent Unrav  Hex/Tmut       ######....   3%          5    None
f - Metabolic Englaciati  Hex/Ice        #######...   1%          5    None
g - Bolt of Cold          Conj/Ice       #######...   12%         6    ##.....
h - Bolt of Magma         Conj/Fire/Erth ######....   8%          5    None
i - Iron Shot             Conj/Erth      ######....   34%         6    ##.....
z - Regeneration          Chrm/Necr      ######....   1%          3    None


Dungeon Overview and Level Annotations

Branches:
Dungeon (15/15)            Temple (1/1) D:7            Lair (6/6) D:9
  Swamp (4/4) Lair:2       Spider (4/4) Lair:2        Slime (0/5) Lair:5
    Orc (2/2) D:10            Elf (3/3) Orc:2        Vaults (4/5) D:13
  Crypt (0/3) Vaults:2     Depths (1/5) D:15

Altars:
Ashenzari
Cheibriados
Dithmenos
Elyvilon
Fedhas
Gozag
Hepliaklqana
Makhleb
Okawaru
Qazlal
Ru
Sif Muna
Trog
Uskayaw
Vehumet
Xom
Zin
The Shining One
Beogh
Jiyva

Shops:
D:5 ![?[   D:12 :   Orc:1 }   Orc:2 [[(*   Elf:1 ?   Vaults:1 !*   Vaults:4 !!*

Portals:
Trove: Elf:1 (give +3 gold dragon scales)

Annotations:
Lair:6 HUIXAX's ghost, journeyman MiBe
Spider:2 exclusion: Roxanne, Roxanne
Elf:2 3 runed doors, exclusion: 3 doors
Vaults:1 Slomay stenu, blyad


Innate Abilities, Weirdness & Mutations

You are very small and have problems with some larger weapons.
You are too small for most types of armour.
You have supernaturally acute eyesight. (SInv)
You are a herbivore.
You cover ground extremely quickly.
You need consume almost no food.
You are partially covered in slimy green scales. (AC +2)


Message History

You block the ettin's attack.
You hit the ettin. You freeze the ettin.
The ettin is heavily wounded.
The ettin misses you.
You riposte.
You slash the ettin! You freeze the ettin.
The ettin is severely wounded.
The ettin barely misses you.
Unknown command.
You slash the ettin! You freeze the ettin.
The ettin is almost dead.
The ettin completely misses you. The ettin hits you with a dire flail!!
You hit the ettin. You freeze the ettin.
You kill the ettin!
Cheibriados appreciates the change of pace.
You hit the ironheart preserver. You freeze the ironheart preserver.
The ironheart preserver is lightly wounded.
Your skin stops crawling.
The ettin hits you with a dire flail of holy wrath!!
* * * LOW HITPOINT WARNING * * *
The ettin hits you with a dire flail!!
You die...

...########
...#......#
## ##
...'.>....#
#. .#
...#......#
.# #.
...#.(....#
#. .#
...#......#
!# #(
...#......#
#$ O#
...#......#
#p#C#
#######+###
#@# #.#
#'#+#
####.>.####
#.........#
#.........#
#.)#####..#
#.).......#
#.........#


You could see an ironheart preserver, an ettin and an ogre mage.

Vanquished Creatures
  Arachne (Spider:2)
  Rupert (Lair:3)
  A deep elf master archer (Elf:3)
  Gastronok (D:10)
  3 sphinxes
  Frances (Spider:2)
  2 deep elf blademasters (Elf:3)
  6 thorn hunters
  A storm dragon (Vaults:1)
  Kirke (Lair:5)
  A tengu reaver (Vaults:2)
  A frost giant (Vaults:4)
  Donald (Spider:1)
  3 deep elf sorcerers (Elf:3)
  7 emperor scorpions
  A fire giant (Vaults:4)
  5 vault wardens
  Aizul (Swamp:3)
  An orc warlord (Orc:2)
  5 deep elf elementalists (Elf:3)
  4 ghost moths (Spider:4)
  A ghoul (Vaults:2)
  9 ironheart preservers
  10 stone giants
  2 very ugly things
  A deep elf demonologist (Elf:3)
  6 entropy weavers
  8 deep elf annihilators
  Azrael (D:15)
  8 deep elf death magi
  2 ettins
  3 fire dragons
  3 deep elf high priests (Elf:3)
  6 yaktaur captains
  3 rakshasas
  An ice dragon (Vaults:2)
  2 catoblepae
  22 hydras
  4 centaur warriors
  5 death knights
  11 dancing weapons
  5 ogre magi
  7 death yaks
  12 alligators
  A vampire mage (Vaults:2)
  3 deep troll shamans
  An orc high priest (Orc:2)
  20 deep elf knights
  Nergalle (D:11)
  3 iron trolls (D:15)
  An unseen horror (shapeshifter) (D:15)
  2 skeletal warriors (D:15)
  2 shadow wraiths (Vaults:2)
  6 deep trolls
  4 glowing orange brains
  2 spriggan druids
  2 flayed ghosts
  6 unseen horrors
  10 wizards
  3 phantasmal warriors
  4 shambling mangroves (Swamp:4)
  13 deep elf archers
  8 swamp dragons
  12 orc knights
  8 ironbrand convokers
  A wolf spider zombie (D:15)
  3 necromancers
  13 hill giants
  50 wolf spiders
  An orb spider (shapeshifter) (D:13)
  7 cyclopes
  23 orb spiders
  20 ugly things
  4 orc sorcerers
  68 deep elf magi
  2 moths of wrath (Spider:3)
  A manticore (D:13)
  A salamander (shapeshifter) (Elf:1)
  8 elephants
  6 black mambas
  2 naga magi (D:15)
  5 centaur zombies
  6 vault sentinels
  A torpor snail (Spider:1)
  3 ice statues (IceCv)
  23 spiny frogs
  2 spectral swamp worms (D:15)
  3 gargoyles
  2 rime drakes (Lair:4)
  3 kobold demonologists
  25 yaktaurs
  5 freezing wraiths
  12 komodo dragons
  6 demonic crawlers
  2 ice devils (Orc:2)
  A redback zombie (D:15)
  A meliai (shapeshifter) (Vaults:1)
  17 trolls
  A tengu conjurer (D:14)
  3 meliai (Lair:4)
  A wind drake (shapeshifter) (Vaults:3)
  2 queen bees
  51 jumping spiders
  13 tyrant leeches
  10 polar bears
  A two-headed ogre (shapeshifter) (Vaults:1)
  A raiju (Lair:6)
  8 bog bodies
  31 hornets
  7 two-headed ogres
  A blink frog (shapeshifter) (Vaults:1)
  20 blink frogs
  5 dream sheep (Lair:6)
  15 hippogriffs
  47 slime creatures
  78 redbacks
  6 water elementals
  A spriggan (shapeshifter) (D:14)
  3 shadows
  A centaur simulacrum (D:15)
  12 spriggans
  43 tarantellas
  4 vampires
  A fire bat (shapeshifter) (D:14)
  10 wyverns
  3 air elementals
  23 yaks
  A hog (shapeshifter) (Vaults:3)
  2 hogs (Lair:5)
  7 fire elementals
  3 basilisks
  8 wraiths
  Grum (D:11)
  10 vampire mosquitoes
  2 hungry ghosts (D:14)
  A steam dragon (D:9)
  8 mottled dragons
  19 swamp worms
  28 insubstantial wisps
  11 wargs
  2 soldier ants (shapeshifter) (Vaults:1)
  34 water moccasins
  12 porcupines
  Duvessa (D:6)
  11 hell hounds
  A floating eye (shapeshifter) (D:13)
  12 swamp drakes
  12 ice beasts
  42 orc warriors
  6 sky beasts
  2 necrophages
  16 black bears
  18 wolves
  2 eyes of draining
  2 phantoms
  20 ogres
  9 boggarts
  12 centaurs
  A tengu (shapeshifter) (Vaults:1)
  13 crocodiles
  4 big kobolds
  17 bullfrogs
  A gnoll sergeant (D:6)
  Blork the orc (D:6)
  6 earth elementals
  Dowan (D:6)
  5 scorpions
  63 killer bees
  5 electric eels
  8 wights
  6 howler monkeys
  8 crimson imps
  2 bullfrog zombies
  A human zombie (Ossuary)
  A quasit (D:14)
  A human simulacrum (Vaults:1)
  24 orc wizards
  5 bullfrog skeletons
  11 centaur skeletons
  22 orc priests
  22 hounds
  10 jellies
  A hell rat (Lair:4)
  19 worker ants
  4 polar bear simulacra (Lair:6)
  4 wolf simulacra (Lair:6)
  A big kobold zombie (Ossuary)
  2 hound zombies
  A hound skeleton (D:6)
  2 mummies (Ossuary)
  16 gnolls
  25 adders
  9 shadow imps
  An ooze (D:7)
  3 adder zombies (Ossuary)
  2 adder skeletons
  6 worms
  2 dart slugs
  3 leopard geckos
  116 orcs
  10 giant cockroaches
  9 hobgoblins
  23 jackals
  3 quokkas
  A ball python skeleton (D:6)
  12 bats
  10 frilled lizards
  18 goblins
  6 hobgoblin zombies (Ossuary)
  2 jackal zombies (Ossuary)
  17 kobolds
  9 kobold zombies (Ossuary)
  A leopard gecko skeleton (D:6)
  11 orc zombies (Ossuary)
  A quokka skeleton (D:4)
  13 rats
  3 rat zombies (Ossuary)
  3 river rat simulacra (Lair:6)
  A briar patch (Swamp:4)
  2 plants (Lair:6)
1946 creatures vanquished.

Vanquished Creatures (collateral kills)
  An entropy weaver (Spider:2)
  2 orb spiders (Spider:2)
  3 redbacks
6 creatures vanquished.

Vanquished Creatures (others)
  A stone giant (Depths:1)
  A centaur warrior (Vaults:2)
  Urug (Orc:1)
  2 deep elf knights (Elf:1)
  A wizard (D:15)
  A deep elf archer (Elf:1)
  An orc knight (Vaults:2)
  A wolf spider (Spider:4)
  A deep elf mage (Elf:3)
  4 yaktaurs
  A jumping spider (Spider:4)
  A hornet (Spider:4)
  A two-headed ogre (Vaults:4)
  3 humans (Lair:5)
  A necrophage (D:7)
  A boggart (Vaults:2)
  2 centaurs (D:12)
  A bullfrog (Lair:5)
  2 briar patches (Swamp:4)
  51 fungi
  41 plants (Lair:6)
119 creatures vanquished.

Grand Total: 2071 creatures vanquished

Notes
Turn   | Place    | Note
-------+----------+-------------------------------------------
     0 | D:1      | XO4YCPATb the Spriggan Monk began the quest for the Orb.
     0 | D:1      | Reached XP level 1. HP: 11/11 MP: 2/2
   344 | D:1      | Reached XP level 2. HP: 16/16 MP: 3/3
   855 | D:2      | Reached XP level 3. HP: 17/19 MP: 4/4
  1053 | D:2      | Reached skill level 5 in Short Blades
  1277 | D:2      | Reached XP level 4. HP: 18/23 MP: 5/5
  2059 | D:2      | Found a sacrificial altar of Ru.
  2410 | D:3      | Reached XP level 5. HP: 25/27 MP: 6/6
  3281 | D:5      | Entered Level 5 of the Dungeon
  3481 | D:4      | Reached XP level 6. HP: 32/32 MP: 7/7
  4822 | D:5      | Found Ytileume's Antique Armour Shop.
  4845 | D:5      | Found Evifal's Magic Scroll Boutique.
  4851 | D:5      | Bought a scroll of identify for 24 gold pieces
  4851 | D:5      | Bought a scroll of identify for 24 gold pieces
  4851 | D:5      | Bought a scroll of magic mapping for 42 gold pieces
  4851 | D:5      | Bought a scroll of teleportation for 36 gold pieces
  4907 | D:5      | Learned a level 2 spell: Repel Missiles
  4970 | D:5      | Reached XP level 7. HP: 35/35 MP: 8/8
  5023 | D:5      | Found Pinoonash's Distillery.
  5033 | D:5      | Bought a potion of curing for 42 gold pieces
  5238 | D:5      | Gained mutation: You are partially covered in slimy green scales. (AC +2) [potion of beneficial mutation]
  5276 | D:5      | Found Ixkeg's Antique Armour Boutique.
  5441 | D:5      | Noticed a moth of wrath
  5444 | D:5      | Found a bloodstained altar of Trog.
  6197 | D:6      | Reached skill level 10 in Short Blades
  6528 | D:6      | Reached XP level 8. HP: 39/39 MP: 9/9
  6541 | D:6      | Reached skill level 1 in Shields
  6635 | D:6      | Reached skill level 5 in Dodging
  6928 | D:6      | Noticed Duvessa
  6928 | D:6      | Noticed Dowan
  6960 | D:6      | Killed Dowan
  6962 | D:6      | Killed Duvessa
  7410 | D:6      | Noticed Blork the orc
  7415 | D:6      | Killed Blork the orc
  7660 | D:7      | Found a staircase to the Ecumenical Temple.
  7663 | D:7      | Found a sand-covered staircase.
  7673 | Temple   | Entered the Ecumenical Temple
  7760 | Temple   | Became a worshipper of Cheibriados the Contemplative
  7760 | Temple   | Reached * piety under Cheibriados
  7760 | Temple   | Reached ** piety under Cheibriados
  7797 | D:7      | Reached XP level 9. HP: 30/43 MP: 10/10
  7813 | Ossuary  | Entered an ossuary
  7981 | Ossuary  | Reached skill level 1 in Invocations
  8624 | D:7      | Found a bloodstained altar of Trog.
  9021 | D:8      | Reached *** piety under Cheibriados
  9343 | D:8      | Reached skill level 5 in Shields
  9555 | D:8      | Reached **** piety under Cheibriados
 10081 | D:9      | Reached XP level 10. HP: 44/47 MP: 12/14
 10399 | D:9      | Found a staircase to the Lair.
 10440 | D:9      | Learned a level 3 spell: Call Canine Familiar
 10497 | D:9      | Reached skill level 1 in Spellcasting
 10497 | D:9      | Reached skill level 5 in Invocations
 10602 | D:9      | Reached skill level 1 in Charms
 10631 | D:9      | Reached skill level 1 in Armour
 10649 | D:9      | Reached skill level 1 in Air Magic
 10657 | D:9      | Learned a level 1 spell: Animate Skeleton
 10806 | D:10     | Entered Level 10 of the Dungeon
 11034 | D:10     | Found a staircase to the Orcish Mines.
 11085 | D:10     | Noticed Gastronok
 11305 | D:11     | Reached skill level 1 in Necromancy
 11447 | D:11     | Noticed Grum
 11453 | D:11     | Reached ***** piety under Cheibriados
 11461 | D:11     | Killed Grum
 11541 | D:11     | Noticed a hill giant
 11559 | D:11     | Killed a hill giant
 11776 | D:11     | Noticed Nergalle
 11853 | D:11     | Killed Nergalle
 11853 | D:11     | Reached XP level 11. HP: 25/51 MP: 16/16
 13004 | D:10     | Noticed a hill giant
 13016 | D:10     | Killed a hill giant
 13167 | D:10     | Killed Gastronok
 13765 | D:12     | Noticed a hill giant
 13788 | D:12     | Killed a hill giant
 14076 | D:12     | Found Loenu's Book Boutique.
 14093 | D:12     | Reached ****** piety under Cheibriados
 14093 | D:12     | Reached XP level 12. HP: 56/56 MP: 19/19
 14187 | D:12     | Bought a book of Clouds for 495 gold pieces
 14559 | D:13     | Reached skill level 5 in Spellcasting
 14791 | D:13     | Identified a +0 rod of shadows (12/12) (You found it on level 13 of the Dungeon)
 14869 | D:13     | Reached skill level 5 in Armour
 15208 | D:13     | Noticed a ghost crab
 15274 | D:13     | Found a gate to the Vaults.
 15588 | D:14     | Found a flagged portal.
 15622 | Bailey   | Entered a bailey
 15723 | Bailey   | Found an iron altar of Okawaru.
 15767 | Bailey   | Reached skill level 1 in Long Blades
 15831 | Bailey   | Learned a level 6 spell: Freezing Cloud
 16162 | Bailey   | Reached XP level 13. HP: 63/63 MP: 23/23
 16647 | D:14     | Reached skill level 1 in Ice Magic
 17097 | Orc:1    | Entered Level 1 of the Orcish Mines
 17147 | Orc:1    | Noticed Urug
 17150 | Orc:1    | Killed Urug
 17211 | Orc:1    | Noticed a stone giant
 17226 | Orc:1    | Killed a stone giant
 17226 | Orc:1    | Reached skill level 1 in Conjurations
 17335 | Orc:1    | Reached skill level 10 in Dodging
 17480 | Orc:1    | Found Zyffith's Quality Used Wands.
 17486 | Orc:1    | Bought a wand of heal wounds (0/9) for 336 gold pieces
 17663 | Lair:1   | Entered Level 1 of the Lair of Beasts
 18363 | Lair:1   | Reached skill level 5 in Fighting
 18833 | Lair:2   | Got a twisted falchion
 18834 | Lair:2   | Identified the +6 falchion of the Vendetta {freeze, rC+++ Int+2 Dex-5 Stlth+} (You found it on level 2 of the Lair of Beasts)
 18932 | Lair:2   | Found a staircase to the Swamp.
 19070 | Lair:2   | Found a hole to the Spider Nest.
 19362 | Lair:3   | Noticed Rupert
 19405 | Lair:3   | Killed Rupert
 20105 | Lair:3   | Reached XP level 14. HP: 68/68 MP: 26/26
 21517 | Lair:4   | Reached skill level 10 in Invocations
 22543 | Lair:5   | Noticed Kirke
 22566 | Lair:5   | Killed Kirke
 22786 | Lair:5   | Found a viscous altar of Jiyva.
 22787 | Lair:5   | Found a staircase to the Slime Pits.
 22868 | Lair:5   | Reached skill level 5 in Long Blades
 23250 | Lair:6   | Entered Level 6 of the Lair of Beasts
 23931 | Lair:6   | Got a spiked cloak
 23942 | Lair:6   | Identified the +2 cloak "Weecauk" {*Drain Str+4} (You acquired it on level 6 of the Lair of Beasts)
 24134 | Lair:6   | Noticed HUIXAX's ghost (journeyman MiBe)
 24163 | Lair:6   | Paralysed by a hornet for 1 turns
 25271 | Orc:2    | Entered Level 2 of the Orcish Mines
 25286 | Orc:2    | Found a roughly hewn altar of Beogh.
 25325 | Orc:2    | Found a staircase to the Elven Halls.
 25469 | Orc:2    | Reached XP level 15. HP: 73/73 MP: 29/29
 25590 | Orc:2    | Found a frozen archway.
 25599 | IceCv    | Entered an ice cave
 25893 | IceCv    | Identified Sif Muna's Reference Book on Confrontation and Dislocation
 26308 | Orc:2    | Found a roughly hewn altar of Beogh.
 26328 | Orc:2    | Found Tezxiss's Antique Armour Boutique.
 26532 | Orc:2    | Found a roughly hewn altar of Beogh.
 26807 | Orc:2    | Found a roughly hewn altar of Beogh.
 26839 | Orc:2    | Found a roughly hewn altar of Beogh.
 26840 | Orc:2    | Found Odenid's Assorted Antiques.
 27203 | Orc:2    | Noticed an orc warlord
 27468 | Orc:2    | Killed an orc warlord
 27910 | D:5      | Bought a scroll of recharging for 114 gold pieces
 27910 | D:5      | Bought a scroll of recharging for 114 gold pieces
 28194 | Orc:2    | Found a roughly hewn altar of Beogh.
 28194 | Orc:2    | Found Jeasip's Antique Armour Emporium.
 28198 | Orc:2    | Found Doiceosk's Antique Weapon Shoppe.
 28218 | Orc:2    | Bought a glowing buckler for 420 gold pieces
 28228 | Orc:2    | Bought a glowing buckler for 420 gold pieces
 28414 | Swamp:1  | Entered Level 1 of the Swamp
 32734 | Swamp:2  | Noticed a thorn hunter
 34189 | D:14     | Reached XP level 16. HP: 74/79 MP: 30/30
 34443 | D:14     | Reached skill level 10 in Long Blades
 35326 | D:15     | Entered Level 15 of the Dungeon
 36374 | D:15     | Noticed Azrael
 36412 | D:15     | Killed Azrael
 36796 | D:12     | Bought a book of Necromancy for 330 gold pieces
 36800 | D:12     | Learned a level 3 spell: Regeneration
 37158 | D:15     | Found a staircase to the Depths.
 37677 | Swamp:2  | Killed a thorn hunter
 37948 | Swamp:2  | Noticed a thorn hunter
 37989 | Swamp:2  | Killed a thorn hunter
 40548 | Swamp:4  | Entered Level 4 of the Swamp
 40768 | Swamp:4  | Noticed a thorn hunter
 40778 | Swamp:3  | Noticed Aizul
 40821 | Swamp:3  | Killed Aizul
 41227 | Spider:1 | Entered Level 1 of the Spider Nest
 41227 | Spider:1 | Noticed Donald
 41259 | Spider:1 | Killed Donald
 41504 | D:12     | Bought a book of Misfortune for 220 gold pieces
 41510 | D:12     | Learned a level 5 spell: Yara's Violent Unravelling
 41516 | D:12     | Learned a level 5 spell: Metabolic Englaciation
 42190 | Spider:1 | Reached skill level 1 in Transmutations
 42190 | Spider:1 | Reached XP level 17. HP: 20/82 MP: 11/31
 42190 | Spider:1 | Reached skill level 1 in Hexes
 44090 | Spider:1 | Reached skill level 10 in Spellcasting
 44198 | Spider:2 | Reached skill level 5 in Charms
 44209 | Spider:2 | Got a warped brass ring
 44216 | Spider:2 | Identified the ring "Jysaz" {*Corrode rPois rF+ Dex+3 Slay+3} (You found it on level 2 of the Spider Nest)
 44239 | Spider:2 | Noticed Arachne
 44303 | Spider:2 | Killed Arachne
 44303 | Spider:2 | Reached skill level 5 in Necromancy
 44528 | Spider:2 | Noticed Frances
 44711 | Spider:2 | Reached skill level 5 in Ice Magic
 44772 | Spider:2 | Noticed Roxanne
 45351 | Spider:2 | Killed Frances
 45788 | Spider:2 | Reached skill level 5 in Transmutations
 47242 | Spider:3 | Reached skill level 5 in Hexes
 47838 | Elf:1    | Entered Level 1 of the Elven Halls
 48205 | Elf:1    | Reached XP level 18. HP: 87/87 MP: 34/34
 48390 | Elf:1    | Found a radiant altar of Vehumet.
 48608 | Elf:1    | Found Mowikask's Magic Scroll Shoppe.
 48616 | Elf:1    | Bought a scroll of enchant weapon for 82 gold pieces
 48851 | Elf:1    | Found a portal to a secret trove of treasure.
 49467 | Elf:2    | Found a runed gate.
 49468 | Elf:2    | Found a runed gate.
 49470 | Elf:2    | Found a runed gate.
 50489 | Swamp:4  | Reached skill level 5 in Air Magic
 51092 | Swamp:4  | Got a decaying rune of Zot
 51912 | Elf:3    | Entered Level 3 of the Elven Halls
 52533 | Elf:3    | Reached skill level 5 in Conjurations
 53148 | D:12     | Bought a book of Dreams for 825 gold pieces
 53155 | D:12     | Learned a level 5 spell: Silence
 53410 | Elf:3    | Reached XP level 19. HP: 39/91 MP: 14/36
 53885 | Elf:3    | Got a shimmering tin amulet
 54408 | Elf:3    | Identified the Handbook of Freezing Dislocation
 54535 | Elf:3    | Identified the Disquisition on Attacks and Malediction
 54578 | Elf:3    | Identified the amulet "Raqah" {rElec Regen+ Str+4} (You took it off a deep elf annihilator on level 3 of the Elven Halls)
 54853 | D:10     | Learned a level 6 spell: Bolt of Cold
 55115 | Spider:4 | Entered Level 4 of the Spider Nest
 56203 | D:10     | Learned a level 3 spell: Stone Arrow
 56402 | Spider:4 | Reached skill level 1 in Earth Magic
 57858 | Spider:4 | Got a gossamer rune of Zot
 58214 | D:10     | Learned a level 6 spell: Iron Shot
 58366 | Depths:1 | Entered Level 1 of the Depths
 58787 | D:15     | Reached XP level 20. HP: 82/95 MP: 33/37
 59569 | D:15     | Reached skill level 10 in Ice Magic
 59735 | D:13     | Paralysed by a floating eye for 2 turns
 59744 | D:13     | Paralysed by a floating eye for 2 turns
 59782 | Vaults:1 | Entered Level 1 of the Vaults
 60793 | Vaults:1 | Found Bicoluin's Distillery.
 60802 | Vaults:1 | Bought 2 potions of heal wounds for 130 gold pieces
 60802 | Vaults:1 | Bought a potion of heal wounds for 65 gold pieces
 60802 | Vaults:1 | Bought a potion of brilliance for 52 gold pieces
 60802 | Vaults:1 | Bought a potion of agility for 52 gold pieces
 60802 | Vaults:1 | Bought a potion of heal wounds for 65 gold pieces
 60802 | Vaults:1 | Bought a potion of ambrosia for 104 gold pieces
 60802 | Vaults:1 | Bought a potion of agility for 52 gold pieces
 60974 | Vaults:1 | Found Vebossyg's Assorted Antiques.
 61363 | Vaults:1 | Reached skill level 10 in Armour
 61496 | Vaults:1 | Reached skill level 5 in Earth Magic
 62693 | D:10     | Learned a level 5 spell: Bolt of Magma
 62933 | Vaults:2 | Reached skill level 1 in Fire Magic
 63725 | Vaults:1 | Reached XP level 21. HP: 99/99 MP: 39/39
 64142 | Vaults:2 | Found a staircase to the Crypt.
 64733 | Vaults:2 | Reached skill level 5 in Fire Magic
 66548 | Vaults:3 | You fall through a shaft!
 66697 | Vaults:4 | Found Asangyuv's General Store.
 66705 | Vaults:4 | Bought a slice of pizza for 33 gold pieces
 66844 | Vaults:4 | Found Biemno Iriji's Distillery.
 67521 | Vaults:4 | Found Toum's Distillery.
 67612 | Vaults:3 | Demolished by an ettin

Skill      XL: |  1  2  3  4  5  6  7  8  9 10 11 12 13 14 15 16 17 18 19 20 21 |
---------------+----------------------------------------------------------------+-----
Short Blades   | 4 5 6 7 8 10 11 12 | 12.4
Shields        | 4 5 6 8 |  8.4
Dodging        | 6 8 9 10 | 10.6
Invocations    | 4 5 6 8 9 10 12 13 | 13.0
Spellcasting   | 3 4 6 7 9 11 12 13 14 | 14.8
Charms         | 2 3 5 |  5.8
Armour         | 2 4 5 6 7 8 9 10 | 10.0
Air Magic      | 1 4 6 8 9 |  9.0
Necromancy     | 3 5 |  5.2
Fighting       | 3 4 5 6 |  6.4
Long Blades    | 1 3 6 9 12 13 14 | 14.4
Ice Magic      | 3 4 6 8 9 11 | 11.2
Conjurations   | 3 4 5 6 7 8 |  8.4
Transmutations | 1 6 8 |  8.5
Hexes          | 6 9 |  9.0
Earth Magic    | 3 5 |  5.5
Fire Magic     | 3 7 |  7.3
Stealth        | |  3.0

Action                   |  1- 3 |  4- 6 |  7- 9 | 10-12 | 13-15 | 16-18 | 19-21 || total
-------------------------+-------+-------+-------+-------+-------+-------+-------++-------
Melee: Whip              |    13 |       |       |       |       |       |       ||    13
       Short sword       |     4 |       |       |    12 |       |       |       ||    16
       Dagger            |    62 |   272 |    96 |     1 |       |       |       ||   431
       Rapier            |       |       |   522 |  1052 |  1891 |   107 |       ||  3572
       Falchion          |       |       |       |       |  1016 |  2931 |  2687 ||  6634
       Scimitar          |       |       |       |       |    96 |    17 |       ||   113
 Cast: Repel Missiles    |       |     1 |       |     2 |     3 |     3 |     4 ||    13
       Regeneration      |       |       |       |       |       |    36 |    58 ||    94
       Metabolic Englaci |       |       |       |       |       |     7 |     7 ||    14
       Silence           |       |       |       |       |       |     1 |    22 ||    23
       Yara's Violent Un |       |       |       |       |       |     1 |     5 ||     6
       Stone Arrow       |       |       |       |       |       |       |    34 ||    34
       Bolt of Cold      |       |       |       |       |       |       |    10 ||    10
       Freezing Cloud    |       |       |       |       |       |       |     7 ||     7
       Bolt of Magma     |       |       |       |       |       |       |    38 ||    38
       Iron Shot         |       |       |       |       |       |       |     3 ||     3
Invok: Temporal Distorti |       |       |       |     6 |    11 |     4 |    12 ||    33
       Bend Time         |       |       |       |       |     3 |       |       ||     3
       Slouch            |       |       |       |       |     8 |    11 |     7 ||    26
       Step From Time    |       |       |       |       |     1 |       |     1 ||     2
Evoke: Wand              |       |       |     2 |    10 |    22 |    29 |    20 ||    83
       Box of beasts     |       |       |       |       |     1 |     4 |       ||     5
       Sack of spiders   |       |       |       |       |       |       |     1 ||     1
  Use: Scroll            |       |     8 |     9 |     6 |    25 |    18 |    10 ||    76
       Potion            |       |       |     3 |     6 |    16 |     7 |     6 ||    38
 Stab: Sleeping          |     7 |    12 |    10 |    14 |    12 |    14 |     1 ||    70
       Distracted        |       |     1 |     3 |     6 |     6 |     7 |     8 ||    31
       Petrified         |       |       |       |       |     5 |     2 |       ||     7
       Invisible         |       |       |       |       |    25 |       |       ||    25
       Paralysed         |       |       |       |       |       |     8 |     6 ||    14
       Confused          |       |       |       |       |       |     1 |       ||     1
       Held in net/web   |       |       |       |       |       |       |     1 ||     1
  Eat: Pizza             |       |     1 |       |       |     2 |       |       ||     3
       Bread ration      |       |       |     1 |     1 |     3 |     5 |     5 ||    15
       Royal jelly       |       |       |       |     4 |    10 |       |       ||    14
       Fruit             |       |       |       |       |       |     7 |     1 ||     8
Armor: Robe              |     1 |     8 |    21 |       |       |       |       ||    30
       Troll leather arm |       |       |       |    35 |    30 |       |       ||    65
       Fire dragon scale |       |       |       |       |   211 |   441 |   395 ||  1047
Dodge: Dodged            |    49 |   149 |   363 |   576 |  1693 |  2150 |  1828 ||  6808
       Deflected         |       |       |     1 |     6 |    11 |    27 |    39 ||    84
Block: Other             |       |    18 |    23 |    21 |       |       |       ||    62
       Buckler           |       |       |       |   284 |  1782 |  1841 |  1487 ||  5394
       Reflection        |       |       |       |    12 |    13 |    49 |    96 ||   170
       Rpst.: Falchion   |       |       |       |       |   128 |   433 |   359 ||   920
       Scimitar          |       |       |       |       |    22 |     2 |       ||    24
